 Dungeon Crawl Stone Soup version 0.19.4 (webtiles) character file.

1333 empire the Covered (level 8, -12/58 HPs)
             Began as a Demonspawn Monk on Feb 3, 2017.
             Mangled by an orc warrior
             ... wielding a cursed -1 dire flail
              (13 damage)
             ... on level 7 of the Dungeon.
             The game lasted 00:11:26 (4363 turns).

empire the Covered (Demonspawn Monk)                Turns: 4363, Time: 00:11:26

Health: -12/58     AC: 17    Str: 13    XL:     8   Next: 34%
Magic:  8/8        EV:  0    Int: 14    God:
Gold:   63         SH:  0    Dex: 16    Spells: 0 memorised, 7 levels left

rFire  + . .     SeeInvis .     a - +1 long sword
rCold  + . .     Gourm    .     e - +0 gold dragon scales
rNeg   . . .     Faith    .     (no shield)
rPois  +         Spirit   .     (helmet unavailable)
rElec  .         Reflect  .     o - +1 cloak
rCorr  .         Harm     .     (no gloves)
MR     .....                    (no boots)
Stlth  ..........               (no amulet)
                                (no ring)
                                j - +2 ring of intelligence

@: no status effects
A: claws 1, hooves 1, horns 3
a: no special abilities


You were on level 7 of the Dungeon.
You were not hungry.

You visited 1 branch of the dungeon, and saw 7 of its levels.

You collected 237 gold pieces.
You spent 174 gold pieces at shops.

Inventory:

Hand Weapons
 a - a +1 long sword (weapon)
 b - a +3 short sword
 f - a +0 short sword
 p - a +0 mace of holy wrath
 r - a +0 dagger of venom
Armour
 e - +0 gold dragon scales (worn)
 o - a +1 cloak (worn)
Jewellery
 j - a +2 ring of intelligence (left claw)
Scrolls
 i - 3 scrolls of remove curse
 m - a scroll of magic mapping
 v - a scroll of recharging
Potions
 n - a potion of brilliance
Books
 d - a book of Changes

   Spells                             Type                      Level
   a - Beastly Appendage              Transmutation                1
   b - Sticks to Snakes               Transmutation                2
   c - Spider Form                    Transmutation/Poison         3
   d - Ice Form                       Ice/Transmutation            4
   e - Blade Hands                    Transmutation                5
 g - a book of Misfortune

   Spells                             Type                      Level
   a - Confusing Touch                Hexes                        1
   b - Confuse                        Hexes                        3
   c - Gell's Gravitas                Hexes/Translocation          3
   d - Petrify                        Transmutation/Earth          4
   e - Metabolic Englaciation         Hexes/Ice                    5
   f - Yara's Violent Unravelling     Hexes/Transmutation          5
Comestibles
 c - 3 fruits
 h - 3 chunks of flesh
 l - 2 beef jerkies
 s - 5 meat rations
 y - 4 bread rations


   Skills:
 - Level 3.1 Fighting
 - Level 0.5(3.5) Short Blades
 + Level 5.7(5.8) Long Blades
 + Level 6.4 Armour
 - Level 2.8 Dodging
 - Level 1.8 Stealth
 - Level 3.6 Unarmed Combat


You had 7 spell levels left.
You didn't know any spells.

Dungeon Overview and Level Annotations

Branches:
Dungeon (7/15)
 Temple: D:4-7

Altars:
Gozag
Sif Muna
Zin
The Shining One

Shops:
D:4 ?


Innate Abilities, Weirdness & Mutations

You have sharp fingernails.
You have large cloven feet.
You have a pair of large horns on your head.


Message History

Your gold dragon scales prevents you from hitting the orc warrior.
The orc warrior is heavily wounded.
The orc warrior zaps a wand.
The puff of flame hits you!
You hit the orc warrior but do no damage.
The orc warrior is heavily wounded.
The orc warrior zaps a wand.
The puff of flame hits you!
The orc warrior zaps a wand.
The puff of flame hits you!
You hit the orc warrior but do no damage.
You kick the orc warrior, but do no damage.
The orc warrior is heavily wounded.
The orc warrior zaps a wand.
The puff of flame hits you!
You hit the orc warrior. Your kick misses the orc warrior.
The orc warrior is severely wounded.
The orc warrior hits you with a dire flail!
* * * LOW HITPOINT WARNING * * *
You hit the orc warrior but do no damage.
Your kick misses the orc warrior. You headbutt the orc warrior.
The orc warrior is severely wounded.
The orc warrior hits you with a dire flail!
You die...

#.....#.#
#.....#.#
#.....#.#
#.....#.##.#
#..(...#
#)#.#..# #.#.#
.# #.#.# #
#@#.# #o#.# #
#.#.#
#####.#.#.#.###
+..............
#####.#.....[..
#.#...#.##. #
#......#
#......#


You could see an orc warrior.

Vanquished Creatures
  Pikel (D:7)
  Duvessa (D:5)
  An ice beast (D:5)
  Dowan (D:5)
  A centaur skeleton (D:5)
  2 orc priests (D:5)
  A hound (D:7)
  2 bullfrog skeletons (D:5)
  7 orc wizards
  3 worker ants
  A hound skeleton (D:4)
  8 adders
  2 oozes (D:3)
  An adder skeleton (D:4)
  A worm (D:2)
  5 leopard geckos
  20 orcs
  7 bats
  4 giant cockroaches
  4 goblins
  9 hobgoblins
  2 jackals (D:4)
  14 kobolds
  5 quokkas
  A ball python (D:3)
  3 frilled lizards
  8 rats
115 creatures vanquished.

Vanquished Creatures (others)
  A slave (D:7)
  A hound (D:7)
  3 orcs (D:7)
5 creatures vanquished.

Grand Total: 120 creatures vanquished

Notes
Turn   | Place    | Note
-------+----------+-------------------------------------------
     0 | D:1      | empire the Demonspawn Monk began the quest for the Orb.
     0 | D:1      | Reached XP level 1. HP: 18/18 MP: 1/1
   215 | D:1      | Gained mutation: You have a pair of small horns on your head. [demonic ancestry]
   215 | D:1      | Reached XP level 2. HP: 24/24 MP: 2/2
   701 | D:2      | Reached skill level 1 in Armour
   815 | D:2      | Gained mutation: You have sharp fingernails. [demonic ancestry]
   815 | D:2      | Reached XP level 3. HP: 29/29 MP: 3/3
   955 | D:2      | Found a deep blue altar of Sif Muna.
  1121 | D:2      | Reached skill level 2 in Armour
  1121 | D:2      | Gained mutation: You have a pair of horns on your head. [demonic ancestry]
  1121 | D:2      | Reached XP level 4. HP: 34/35 MP: 4/4
  1315 | D:3      | Found a faded altar of an unknown god.
  1986 | D:4      | Found an opulent altar of Gozag.
  2004 | D:4      | Found Raec's Magic Scroll Boutique.
  2017 | D:4      | Bought a scroll of recharging for 114 gold pieces
  2017 | D:4      | Bought a scroll of remove curse for 36 gold pieces
  2017 | D:4      | Bought a scroll of identify for 24 gold pieces
  2054 | D:4      | Gained mutation: You have a pair of large horns on your head. [demonic ancestry]
  2054 | D:4      | Reached XP level 5. HP: 34/41 MP: 5/5
  2135 | D:4      | Reached skill level 1 in Long Blades
  2196 | D:4      | Reached skill level 3 in Armour
  2444 | D:4      | Found a deep blue altar of Sif Muna.
  2515 | D:4      | Found a glowing silver altar of Zin.
  2625 | D:4      | Reached XP level 6. HP: 30/47 MP: 6/6
  2910 | D:5      | Entered Level 5 of the Dungeon
  3091 | D:5      | Reached skill level 4 in Armour
  3541 | D:5      | Found a glowing golden altar of the Shining One.
  3541 | D:5      | Noticed Duvessa
  3541 | D:5      | Noticed Dowan
  3562 | D:5      | Killed Duvessa
  3562 | D:5      | Gained mutation: You have large cloven feet. [demonic ancestry]
  3562 | D:5      | Reached XP level 7. HP: 52/52 MP: 7/7
  3577 | D:5      | Killed Dowan
  3747 | D:5      | Reached skill level 5 in Armour
  4193 | D:6      | Noticed Pikel
  4229 | D:7      | Killed Pikel
  4229 | D:7      | Reached skill level 5 in Long Blades
  4229 | D:7      | Reached skill level 6 in Armour
  4229 | D:7      | Reached XP level 8. HP: 7/58 MP: 8/8
  4362 | D:7      | HP: 1/58 [orc warrior/dire flail (12)]
  4363 | D:7      | Mangled by an orc warrior

Skill      XL: |  1  2  3  4  5  6  7 |
---------------+----------------------+-----
Unarmed Combat | 3 |  3.6
Armour         | 1 2 3 4 6 |  6.4
Long Blades    | 2 3 5 |  5.7
Fighting       | |  3.1
Short Blades   | |  0.5
Dodging        | |  2.8
Stealth        | |  1.8

Action                   |  1- 3 |  4- 6 |  7- 9 || total
-------------------------+-------+-------+-------++-------
Melee: Unarmed           |   111 |    13 |       ||   124
       Punch             |     2 |     2 |     3 ||     7
       Headbutt          |    19 |    43 |    23 ||    85
       Long sword        |       |   105 |   126 ||   231
       Dagger            |       |    25 |       ||    25
       Short sword       |       |   107 |       ||   107
       Kick              |       |       |    40 ||    40
  Use: Scroll            |       |     6 |     1 ||     7
       Potion            |       |     6 |     1 ||     7
 Stab: Sleeping          |     2 |       |       ||     2
  Eat: Chunk             |     1 |     8 |     3 ||    12
Armor: Robe              |     6 |       |       ||     6
       Gold dragon scale |    75 |   272 |   203 ||   550
       Skin              |       |    26 |     3 ||    29
Dodge: Dodged            |    14 |     8 |     7 ||    29
       Rpst.: Long sword |       |     1 |     2 ||     3
